 Dungeon Crawl Stone Soup version 0.26-a0-597-gb535b0901c (webtiles) character file.

Game seed: 13559318868152951508

(classic levelgen) 7 EnegeticOcto the Covered (level 1, -4/20 HPs)
             Began as a Deep Dwarf Fighter on Aug 27, 2020.
             Slain by an ogre
             ... wielding a +0 giant club
              (13 damage)
             ... on level 2 of the Dungeon.
             The game lasted 00:00:09 (83 turns).

EnegeticOcto the Covered (Deep Dwarf Fighter)         Turns: 83, Time: 00:00:09

Health: -4/20      AC:  6    Str: 19    XL:     1   Next: 83%
Magic:  1/1        EV:  7    Int: 14    God:
Gold:   5          SH:  9    Dex: 12    Spells: 0/0 levels left

rFire    . . .     SeeInvis .   a - +0 war axe
rCold    . . .     Faith    .   c - +0 kite shield
rNeg     . . .     Spirit   .   b - +0 scale mail
rPois    .         Reflect  .   (no helmet)
rElec    .         Harm     .   (no cloak)
rCorr    .                      (no gloves)
MR       .....                  (no boots)
Stlth    ..........             (no amulet)
HPRegen  0.00/turn              h - +6 ring of intelligence
MPRegen  0.07/turn              (no ring)

@: non-regenerating
A: damage resistance, heal wounds, sense surroundings 1, no regeneration
a: Heal Wounds


You were on level 2 of the Dungeon.
You visited 1 branch of the dungeon, and saw 2 of its levels.

You collected 5 gold pieces.

Inventory:

Hand Weapons
 a - a +0 war axe (weapon)
Armour
 b - a +0 scale mail (worn)
 c - a +0 kite shield (worn)
Jewellery
 h - a +6 ring of intelligence (left hand)
Scrolls
 e - a scroll of remove curse {unknown}
 f - a scroll of identify {unknown}
 g - a scroll of enchant weapon {unknown}
Potions
 d - a potion of might {@q3}


   Skills:
 + Level 2.8 Fighting
 * Level 2.5 Axes
 + Level 3.4 Armour
 + Level 3.4 Shields


You couldn't memorise any spells.
You didn't know any spells.
Your spell library was empty.

Dungeon Overview and Level Annotations

Branches:
Dungeon (2/15)

Altars:


Innate Abilities, Weirdness & Mutations

You are resistant to damage.
You can heal yourself by infusing magical energy.
You passively map a small area around you.
You do not regenerate.


Message History

Found an escape hatch in the floor.
A kobold comes into view. It is wielding a +0 dagger.
The kobold throws a stone.
The stone hits you but does no damage.
There is an open door here.
You see here a stone.
The kobold throws a stone.
The stone closely misses you. The kobold hits you but does no damage.
Found 5 gold pieces.
You barely miss the kobold. The kobold hits you but does no damage.
The kobold hits you with a +0 dagger.
A kobold is nearby!
A kobold is nearby!
A kobold is nearby!
You hit the kobold.
The kobold is severely wounded.
The kobold hits you but does no damage.
You closely miss the kobold.
The kobold is severely wounded.
You block the kobold's attack. The kobold barely misses you.
You slash the kobold!
You kill the kobold!
No target in view!
No target in view!
No target in view!
No target in view!
No target in view!
No target in view!
No target in view!
There is an escape hatch in the floor here.
Things that are here:
a +0 dagger; a kobold corpse A kobold comes into view.
It is wielding a +0 short sword.
The kobold shouts!
A bat comes into view.
Found a stone staircase leading down.
The bat hits you.
You closely miss the bat. The bat hits you but does no damage.
The kobold throws a stone.
The stone barely misses you. The bat closely misses you.
You miss the kobold. The bat barely misses you. You block the kobold's attack.
The kobold hits you with a +0 short sword.
You closely miss the bat. You hit the kobold but do no damage.
The bat hits you but does no damage. The kobold barely misses you.
You closely miss the kobold. The bat hits you but does no damage.
You block the kobold's attack. The kobold barely misses you.
You closely miss the kobold. You block the bat's attack.
The bat barely misses you.
The kobold hits you with a +0 short sword.
There are monsters nearby!
There are monsters nearby!
You closely miss the bat. You barely miss the kobold.
The bat hits you but does no damage. The kobold hits you but does no damage.
You hit the bat.
You kill the bat!
You hit the kobold.
You kill the kobold!
No target in view!
No target in view!
No target in view!
No target in view!
No target in view!
No target in view!
No target in view!
No target in view!
No target in view!
No target in view!
No target in view!
No target in view!
No target in view!
No target in view!
No target in view!
No target in view!
No target in view!
Found a short sword.
You now have 5 gold pieces.
Things that are here:
a +0 short sword; 4 stones
h - an encrusted ivory ring You feel clever.
h - a +6 ring of intelligence (left hand)
(D) Dungeon
Where to? (? - help)
There is a stone staircase leading down here.
You climb downwards.
An adder and an ogre come into view.
The adder hisses angrily.
Found three items.
Found a stone staircase leading up and a stone staircase leading down.
There is a stone staircase leading up here.
There are monsters nearby!
You slash the ogre!
The ogre is moderately wounded.
The ogre hits you with a +0 giant club.
You barely miss the ogre.
The ogre is moderately wounded.
You block the ogre's attack.
You hit the ogre.
The ogre is severely wounded.
The ogre hits you with a +0 giant club!
Ouch! That really hurt!
You die...

* , * * *,
#.>.# *
###...###
,#......^# ,
,,...?..< #*
+ ..... ,..
, ,
#.###.S.##.#
* ,
#...!......#
* #@.# *
##O# .# , *
$# ,* * *.#
,.# * ## ,
*,


You could see an ogre and an adder.

Vanquished Creatures
  A goblin (D:1)
  3 kobolds (D:1)
  A bat (D:1)
  A frilled lizard (D:1)
6 creatures vanquished.

Notes
Turn   | Place    | Note
-------+----------+-------------------------------------------
     0 | D:1      | EnegeticOcto the Deep Dwarf Fighter began the quest for the
                  | Orb.
     0 | D:1      | Reached XP level 1. HP: 20/20 MP: 1/1
    80 | D:2      | Noticed an ogre
    83 | D:2      | Slain by an ogre

Illustrated notes

Levels and vault maps discovered:
D:1:      lemuel_arrival_cross, layout_basic, dk_noncrumbling_4,
          minmay_pentomino_x2
D:2:      cheibrodos_old_hovel, layout_loops_ring, tgw_trog,
          overflow_temple_1_default, lemuel_doored_altar,
          chequers_ecumenical_altar_simple

Action                   || total
-------------------------++-------
Melee: War axe           ||    20
Armor: Scale mail        ||    10
Dodge: Dodged            ||     8
Block: Kite shield       ||     7

Table legend: (Time is in decaauts)
 A = Elapsed time spent in this place.
 B = Non-inter-level travel time spent in this place.
 C = Inter-level travel time spent in this place.
 D = Time resting spent in this place.
 E = Time spent auto-exploring this place.
 F = Levels seen in this place.
 G = Mean time per level.
                   A        B        C        D        E       F      G
               +--------+--------+--------+--------+--------+-----+--------+
         Total |     90 |     88 |      2 |      0 |     28 |   2 |   45.0 |
       Dungeon |     90 |     88 |      2 |      0 |     28 |   2 |   45.0 |
               +--------+--------+--------+--------+--------+-----+--------+

Top non-repeatable levels by time:
     D:1: 86 daAuts
     D:2: 3 daAuts
